 Dungeon Crawl Stone Soup version 0.28.0-53-g5a82cb258f (webtiles) character file.

Game seed: 605981379058017534

23 kblaster33 the Skirmisher (level 2, 0/24 HPs)
             Began as a Vampire Fighter on Aug 16, 2022.
             Was a Follower of Sif Muna.
             Slain by an adder (2 damage)
             ... on level 2 of the Dungeon.
             The game lasted 00:05:31 (1531 turns).

kblaster33 the Skirmisher (Vampire Fighter)         Turns: 1531, Time: 00:05:31

Health: 0/24       AC:  6    Str: 15    XL:     2   Next: 75%
Magic:  2/2        EV:  8    Int: 10    God:    Sif Muna [*.....]
Gold:   118        SH:  4    Dex: 13    Spells: 1/1 levels left

rFire   . . .      SeeInvis +   a - +0 war axe
rCold   . . .      Faith    .   c - +0 buckler
rNeg    . . .      Spirit   .   b - +0 scale mail
rPois   .          Reflect  .   (no helmet)
rElec   .          Harm     .   (no cloak)
rCorr   .          Rampage  .   (no gloves)
Will    .....                   (no boots)
Stlth   ..........              (no amulet)
HPRegen 0.28/turn               (no ring)
MPRegen 0.08/turn               (no ring)

@: healing quickly
A: alive, fangs 3, see invisible, vampiric 1
a: Exsanguinate, Renounce Religion, Channel Magic


You were on level 2 of the Dungeon.
You worshipped Sif Muna.
Sif Muna was aware of your devotion.
You visited 1 branch of the dungeon, and saw 2 of its levels.

You collected 118 gold pieces.

Inventory:

Hand Weapons
 a - a +0 war axe (weapon)
Missiles
 f - a throwing net (quivered)
Armour
 b - a +0 scale mail (worn)
 c - a +0 buckler (worn)
Jewellery
 e - a ring of resist corrosion
Potions
 d - a potion of might


   Skills:
 + Level 3.0 Fighting
 + Level 2.2 Axes
 + Level 2.6 Armour
 + Level 3.0 Shields


You had one spell level left.
You didn't know any spells.
Your spell library contained the following spells:

 Spells                   Type           Power      Damage    Failure   Level
 Animate Skeleton         Necr           0%         N/A       89%         1
 Apportation              Tloc           0%         N/A       89%         1
 Summon Small Mammal      Summ           0%         N/A       89%         1


Dungeon Overview and Level Annotations

Branches:
Dungeon (2/15)

Altars:
Sif Muna

Shops:
D:1 (


Innate Abilities, Weirdness & Mutations

Your natural rate of healing is accelerated.
You have razor-sharp teeth.
You have supernaturally acute eyesight. (SInv)
You are afflicted with vampirism.


Message History

The adder is moderately wounded.
You feel sick. The adder closely misses you. The adder barely misses you.
You closely miss the adder.
The adder is moderately wounded.
You feel sick. You block the adder's attack. The adder bites you.
You barely miss the adder.
The adder is moderately wounded.
You feel sick. You block the adder's attack. The adder bites you.
You closely miss the adder. Your bite misses the adder.
The adder is lightly wounded.
You feel sick.
You are no longer poisoned.
The adder bites you. The adder barely misses you.
You barely miss the adder.
The adder is lightly wounded.
The adder bites you. x2
You are poisoned.
The adder poisons you!
You hit the adder but do no damage.
The adder is lightly wounded.
You feel sick. You block the adder's attack.
You hit the adder.
The adder is heavily wounded.
You feel sick. You block the adder's attack.
The adder bites you but does no damage.
You closely miss the adder.
The adder is heavily wounded.
You feel sick. The adder bites you.
* * * LOW HITPOINT WARNING * * *
The adder bites you but does no damage.
You closely miss the adder.
The adder is heavily wounded.
* * * LOW HITPOINT WARNING * * *
You feel sick.
You are no longer poisoned.
The adder completely misses you. The adder closely misses you.
You barely miss the adder.
The adder is heavily wounded.
The adder bites you.
You die...

#. ## #. .. #. ###.
#. ... #.
######.### # #.
........<#
###..#.#########..#
.......@..........#
.......S##..#######
............#
.....?......#
....###.###.# ....
#... #.# ... #....
#.# .. #.... ..#


You could see an adder.

Vanquished Creatures
  4 bats (D:1)
  2 endoplasms (D:1)
  3 goblins (D:1)
  A hobgoblin (D:1)
  2 jackals (D:1)
  A quokka (D:1)
  3 ball pythons (D:1)
  A frilled lizard (D:1)
  A kobold (D:1)
  3 rats (D:1)
21 creatures vanquished.

Notes
Turn   | Place    | Note
-------+----------+-------------------------------------------
     0 | D:1      | kblaster33 the Vampire Fighter began the quest for the Orb.
     0 | D:1      | Reached XP level 1. HP: 17/17 MP: 1/1
    33 | D:1      | Found Miur's Weapon Boutique.
   320 | D:1      | Reached XP level 2. HP: 18/23 MP: 2/2
   444 | D:1      | Found a faded altar of an unknown god.
   463 | D:1      | Prayed at the altar of an unknown god.
   463 | D:1      | Became a worshipper of Sif Muna the Loreminder
   463 | D:1      | Reached * piety under Sif Muna
  1530 | D:2      | HP: 1/24 [poisoned by an adder]
  1531 | D:2      | Slain by an adder

Illustrated notes

Levels and vault maps discovered:
D:1:      eino_arrival_water_cross, layout_basic,
          chequers_ecumenical_altar_island, serial_shops,
          nicolae_shop_bloodbath_and_beyond
D:2:      layout_basic, minmay_misc_feat_enclosed, uniq_natasha

Skill      XL: |  1  2 |
---------------+-------+-----
Axes           | 2 |  2.2
Fighting       | 3 |  3.0
Shields        | 3 |  3.0
Armour         | |  2.6

Action                   || total
-------------------------++-------
Melee: War axe           ||    55
       Bite              ||     2
  Use: Scroll            ||     1
Armor: Scale mail        ||    48
Dodge: Dodged            ||    49
Block: Buckler           ||    15
